 Dungeon Crawl Stone Soup version 0.26-a0-784-g51bffae0b1 (webtiles) character file.

Game seed: 3979613477194519899

240 Decritt the Cutter (level 6, -1/42 HPs)
             Began as a Halfling Monk on Nov 10, 2020.
             Was a Priest of Dithmenos.
             Slain by an iguana (11 damage)
             ... on level 3 of the Dungeon.
             The game lasted 00:12:37 (3846 turns).

Decritt the Cutter (Halfling Monk)                  Turns: 3846, Time: 00:12:38

Health: -1/42      AC:  4    Str: 12    XL:     6   Next: 29%
Magic:  6/6        EV: 16    Int:  8    God:    Dithmenos [***...]
Gold:   153        SH:  0    Dex: 19    Spells: 5/5 levels left

rFire    . . .     SeeInvis .   f - +0 dagger
rCold    . . .     Faith    .   (shield restricted)
rNeg     . . .     Spirit   .   l - +0 leather armour
rPois    .         Reflect  .   (no helmet)
rElec    .         Harm     .   q - scarf {+Inv}
rCorr    .         Rampage  .   g - +0 pair of gloves
MR       .....                  (no boots)
Stlth    +++.......             e - amulet of regeneration
HPRegen  0.54/turn              (no ring)
MPRegen  0.10/turn              (no ring)

@: wreathed by umbra
A: small, mutation resistance 1
a: Shadow Step, Renounce Religion, Evoke Invisibility


You were on level 3 of the Dungeon.
You worshipped Dithmenos.
Dithmenos was most pleased with you.
You visited 1 branch of the dungeon, and saw 4 of its levels.

You collected 153 gold pieces.

Inventory:

Hand Weapons
 a - a +0 short sword
 f - a +0 dagger (weapon)
Armour
 b - a +0 robe
 g - a +0 pair of gloves (worn)
 l - a +0 leather armour (worn)
 q - a scarf of invisibility (worn)
Jewellery
 e - an amulet of regeneration (around neck)
Scrolls
 d - a scroll of enchant weapon {unknown}
 i - 2 scrolls of remove curse
 n - a scroll of teleportation {unknown}
 o - a scroll of blinking
 s - a scroll of immolation {unknown}
 t - a scroll of random uselessness {unknown}
Potions
 h - a potion of might
 j - 3 potions of heal wounds
 k - a potion of curing
 p - a potion of cancellation
 u - a potion of flight {unknown}


   Skills:
 + Level 3.5 Fighting
 * Level 5.7 Short Blades
 + Level 2.5 Armour
 * Level 3.8 Dodging
 - Level 3.1 Stealth


You had 5 spell levels left.
You didn't know any spells.
Your spell library was empty.

Dungeon Overview and Level Annotations

Branches:
Dungeon (4/15)
 Temple: D:4-7

Altars:
Dithmenos
Elyvilon
Hepliaklqana
Makhleb
Ru
Wu Jian


Innate Abilities, Weirdness & Mutations

You are small and have problems with some larger weapons.
You are somewhat resistant to further mutation.


Message History

The iguana is almost dead.
You completely miss the iguana.
The iguana is almost dead.
The iguana barely misses you.
You barely miss the iguana.
The iguana is almost dead.
The iguana barely misses you.
You barely miss the iguana.
The iguana is almost dead.
The iguana bites you!
* * * LOW HITPOINT WARNING * * *
You hit the iguana but do no damage.
The iguana is almost dead.
You hit the iguana but do no damage.
The iguana is almost dead.
The iguana barely misses you.
You completely miss the iguana.
The iguana is almost dead.
The iguana bites you!
You die...

#.# #....##.# #.#
#####....##.# #.#
#.........#.#
#.###.#.....#.#.##
#.............)...
#.###.#.⌠.⌠.#.#)##
###.# #.........#(#
#...###.#.....#.#.##
#..@......._........
#.l..##.#.....#.####
####.##.........#
#.##.#.⌠.⌠.#.#
#.##.........#
#.##.#.....#.#
#.##...(.....#
#.######.##### #.#
#..#


You could see an iguana.

Vanquished Creatures
  10 adders
  2 river rats (D:2)
  An ufetubus (D:3)
  An adder skeleton (D:4)
  5 worms
  2 dart slugs (D:1)
  3 leopard geckos (D:3)
  5 orcs (D:3)
  11 ball pythons
  8 bats
  3 giant cockroaches
  15 hobgoblins
  4 jackals (D:1)
  7 kobolds
  A quokka (D:4)
  2 frilled lizards (D:2)
  12 goblins
  7 rats
99 creatures vanquished.

Vanquished Creatures (others)
  4 fungi (D:4)
  2 toadstools (D:4)
6 creatures vanquished.

Grand Total: 105 creatures vanquished

Notes
Turn   | Place    | Note
-------+----------+-------------------------------------------
     0 | D:1      | Decritt the Halfling Monk began the quest for the Orb.
     0 | D:1      | Reached XP level 1. HP: 15/15 MP: 1/1
   104 | D:1      | Reached skill level 4 in Short Blades
   173 | D:1      | Reached XP level 2. HP: 16/20 MP: 2/2
   395 | D:1      | Reached XP level 3. HP: 22/25 MP: 3/3
   858 | D:2      | Found a faded altar of an unknown god.
   865 | D:2      | Reached skill level 5 in Short Blades
   865 | D:2      | Reached skill level 1 in Armour
   865 | D:2      | Reached XP level 4. HP: 29/30 MP: 4/4
  1164 | D:2      | Found a hazy altar of Hepliaklqana.
  1178 | D:2      | Found an ornate altar of the Wu Jian Council.
  1253 | D:2      | Found a shadowy altar of Dithmenos.
  1257 | D:2      | Became a worshipper of Dithmenos the Shadowed
  1257 | D:2      | Reached * piety under Dithmenos
  1257 | D:2      | Reached ** piety under Dithmenos
  1523 | D:2      | Reached XP level 5. HP: 34/36 MP: 5/5
  1942 | D:2      | Found a burning altar of Makhleb.
  2302 | D:3      | Found a glowing drain.
  2426 | D:2      | Reached *** piety under Dithmenos
  2583 | D:3      | Reached XP level 6. HP: 20/42 MP: 6/6
  2823 | D:3      | Found a white marble altar of Elyvilon.
  3057 | D:3      | Found a sacrificial altar of Ru.
  3846 | D:3      | Slain by an iguana

Illustrated notes

Levels and vault maps discovered:
D:1:      nicolae_arrival_washed_ashore, layout_basic
D:2:      minmay_door_path, layout_basic, nicolae_overflow_quartered_altars,
          chequers_ecumenical_altar_simple_redux, hangedman_decor_peaks_small,
          minmay_snake_closets
D:3:      layout_basic, elyvilon_altar_5, overflow_temple_1_default,
          portal_sewer_entry_b, minmay_misc_feat_room, serial_park_tiny_1,
          minmay_goblin_kobold_house
D:4:      layout_rooms, grunt_temple_overflow_gold_and_silver,
          kennysheep_little_box, minmay_gold_behind_fungi, solitary_fountain,
          uniq_duvessa

Skill      XL: |  1  2  3  4  5 |
---------------+----------------+-----
Short Blades   | 4 5 |  5.7
Armour         | 1 2 |  2.5
Fighting       | 3 |  3.5
Stealth        | 3 |  3.1
Dodging        | |  3.8

Action                   |  1- 3 |  4- 6 || total
-------------------------+-------+-------++-------
Melee: Short sword       |    16 |       ||    16
       Dagger            |   171 |   503 ||   674
  Use: Scroll            |       |     9 ||     9
 Stab: Sleeping          |     1 |    17 ||    18
Armor: Robe              |    16 |       ||    16
       Leather armour    |    17 |    53 ||    70
Dodge: Dodged            |   173 |   392 ||   565

Table legend: (Time is in decaauts)
 A = Elapsed time spent in this place.
 B = Non-inter-level travel time spent in this place.
 C = Inter-level travel time spent in this place.
 D = Time resting spent in this place.
 E = Time spent auto-exploring this place.
 F = Levels seen in this place.
 G = Mean time per level.
                   A        B        C        D        E       F      G
               +--------+--------+--------+--------+--------+-----+--------+
         Total |   3681 |   3563 |    118 |    393 |   2028 |   4 |  920.2 |
       Dungeon |   3681 |   3563 |    118 |    393 |   2028 |   4 |  920.2 |
               +--------+--------+--------+--------+--------+-----+--------+

Top non-repeatable levels by time:
     D:3: 1347 daAuts
     D:2: 1345 daAuts
     D:1: 801 daAuts
     D:4: 186 daAuts
